WCHLSIM.com - West Coast Hockey League
html PUBLIC "-//W3C//DTD XHTML 1.0 Transitional//EN" "http://www.w3.org/TR/xhtml1/DTD/xhtml1-transitional.dtd"> WCHL - Game 212 - SAN FRANCISCO SPIDERS vs OKANAGAN RATTLESNAKES

SAN FRANCISCO SPIDERS vs OKANAGAN RATTLESNAKES

Created - 12 novembre 2023 at 22:37

Goals
1 2 3 T
SAN FRANCISCO SPIDERS 3 0 1 4
OKANAGAN RATTLESNAKES 2 0 0 2
Shots
1 2 3 T
SAN FRANCISCO SPIDERS 8 13 11 32
OKANAGAN RATTLESNAKES 9 11 7 27

1st period

1. SAN FRANCISCO SPIDERS , Sebastian Aho 5 (Andrei Svechnikov 4, Viktor Arvidsson 4) at 1:58
2. SAN FRANCISCO SPIDERS , Jared McCann 6 (Zach Hyman 12, Bo Horvat 10) at 5:05
3. OKANAGAN RATTLESNAKES , Anders Lee 8 (Nazem Kadri 12, Jeremy Lauzon 2) at 7:54
4. OKANAGAN RATTLESNAKES , Nazem Kadri 7 (Anders Lee 10) at 9:48 (PP)
5. SAN FRANCISCO SPIDERS , Kyle Palmieri 4 (Kirby Dach 4, Zach Hyman 13) at 16:14

Penalties :
Trevor Moore (SAF) for Cross-checking (Minor) at 9:38, Brenden Dillon (SAF) for Holding (Minor) at 10:05, Brenden Dillon (SAF) for Roughing (Minor) at 12:06, Stefan Noesen (OKA) for Tripping (Minor) at 14:11, Jacob Middleton (SAF) for Hooking (Minor) at 16:48

2nd period

No Goal

Penalties :
Sean Durzi (SAF) for Roughing (Minor) at 2:27, Josh Manson (OKA) for Hooking (Minor) at 12:27

3rd period

6. SAN FRANCISCO SPIDERS , Sean Durzi 1 (Kyle Palmieri 6, Kirby Dach 5) at 12:01

Penalties :
Jujhar Khaira (OKA) for Holding (Minor) at 9:56, Sean Durzi (SAF) for High sticking (Minor) at 14:58

Goalie Stats

Kevin Lankinen (SAF), 25 saves from 27 shots - (0,926), W, 2-0-0, 60:00 minutes
James Reimer (OKA), 28 saves from 32 shots - (0,875), L, 2-10-1, 60:00 minutes

Players Stats for SAN FRANCISCO SPIDERS

Player Name              G  A  P  +/- PIM S  H  SB GA TA FO     MP     PP MP  PK MP  
------------------------------------------------------------------------------------
Andrei Svechnikov        0  1  1   0  0   3  2  1  0  0  1/1    18:17   3:24   0:00 
Bo Horvat                0  1  1   1  0   4  0  0  0  0  17/27  22:20   2:33   5:45 
Brenden Dillon           0  0  0   0  4   2  1  2  0  0  0/0    19:55   2:57   3:30 
Dakota Joshua            0  0  0   0  0   1  2  0  0  0  2/7     4:53   0:00   0:00 
Darnell Nurse            0  0  0   0  0   0  0  0  0  0  0/0    25:03   2:57   5:10 
Eeli Tolvanen            0  0  0   0  0   2  0  0  0  0  0/0     4:53   0:00   0:00 
Jacob Middleton          0  0  0   1  2   0  1  0  0  0  0/0    19:09   0:00   3:47 
Jared McCann             1  0  1   1  0   3  0  0  0  0  2/3    17:26   3:24   0:00 
Kirby Dach               0  2  2   2  0   1  0  0  0  0  2/8    10:10   0:00   0:00 
Kyle Palmieri            1  1  2   2  0   1  1  0  0  0  0/1    10:10   0:00   0:00 
Luke Hughes              0  0  0   1  0   0  0  0  0  0  0/0     9:58   0:00   0:00 
Michael Anderson         0  0  0   2  0   2  2  1  0  0  0/0    23:01   3:00   4:56 
Sean Durzi               1  0  1   2  4   1  0  0  0  0  0/0    22:49   3:00   2:47 
Sebastian Aho            1  0  1   0  0   5  1  0  0  0  16/24  22:37   3:24   4:20 
Trent Frederic           0  0  0   0  0   0  0  0  0  0  0/0     4:53   0:00   0:00 
Trevor Moore             0  0  0   2  2   1  0  0  0  0  0/0    10:09   0:00   0:00 
Viktor Arvidsson         0  1  1   0  0   3  0  0  0  0  0/1    21:46   2:33   4:20 
Zach Hyman               0  2  2   1  0   3  3  0  0  0  1/8    22:20   2:33   5:45 

Players Stats for OKANAGAN RATTLESNAKES

Player Name              G  A  P  +/- PIM S  H  SB GA TA FO     MP     PP MP  PK MP  
------------------------------------------------------------------------------------
Adam Clendening          0  0  0  -2  0   0  1  0  0  0  0/0    20:36   4:57   3:07 
Anders Lee               1  1  2   0  0   6  0  1  0  0  12/24  19:46   5:28   0:00 
Austin Osmanski          0  0  0  -1  0   0  0  0  0  0  0/0    14:38   0:28   0:39 
Blake Coleman            0  0  0   0  0   2  1  0  0  0  7/15   11:23   0:24   0:37 
Casey Cizikas            0  0  0  -1  0   3  0  0  0  0  8/14   17:05   4:03   0:00 
Colton Parayko           0  0  0   0  0   2  0  0  0  0  0/0    26:18   5:08   3:15 
Esa Lindell              0  0  0  -2  0   2  0  1  0  0  0/0    23:27   4:57   3:11 
Jeremy Lauzon            0  1  1  -1  0   0  0  1  0  0  0/0    13:31   0:00   0:00 
Josh Manson              0  0  0   0  2   0  3  0  0  0  0/0    21:17   4:40   1:30 
Jujhar Khaira            0  0  0  -2  2   0  0  0  0  0  1/1     6:15   0:00   0:00 
Kevin Labanc             0  0  0  -2  0   0  0  0  0  0  0/0     6:28   0:00   0:12 
Lars Eller               0  0  0   0  0   1  1  0  0  0  3/4    18:55   4:37   0:00 
Mike Hoffman             0  0  0  -1  0   1  0  0  0  0  1/3    19:58   4:13   2:43 
Nazem Kadri              1  1  2   0  0   4  0  1  0  0  1/2    22:17   5:28   2:31 
Oskar Sundqvist          0  0  0   0  0   1  1  0  0  0  3/8    13:24   0:00   3:02 
Pierre-Edouard Bellemare 0  0  0   0  0   0  0  0  0  0  0/0    11:33   1:11   0:00 
Stefan Noesen            0  0  0  -2  2   0  0  0  0  0  1/5     6:15   0:00   0:00 
T.J. Oshie               0  0  0  -1  0   5  1  0  0  0  2/4    20:54   4:51   3:01 

3 Stars

1 - Kyle Palmieri (SAF)
2 - Zach Hyman (SAF)
3 - Kirby Dach (SAF)

Power Play

SAN FRANCISCO SPIDERS - 0 on 3 Attempt(s) - 0,00%
OKANAGAN RATTLESNAKES - 1 on 6 Attempt(s) - 16,67%

Penalty Kill

SAN FRANCISCO SPIDERS - 5 on 6 Attempt(s) - 83,33% - Score 0 goal in Penalty Kill
OKANAGAN RATTLESNAKES - 3 on 3 Attempt(s) - 100,00% - Score 0 goal in Penalty Kill

Team Stat

SAN FRANCISCO SPIDERS - Hits : 13 - Faceoff Wins : 41 - Blocked Shots : 4 - Penalty Minutes : 12
OKANAGAN RATTLESNAKES - Hits : 8 - Faceoff Wins : 39 - Blocked Shots : 4 - Penalty Minutes : 6

Official

Referees : Justin Kea and Frederick L'Ecuyer
Linesman : Kyle Flemington and Jim Harper

Game Notes

No Game Note

Finance

Level 1 -- Attendance: 4630 (77,17%) -- Ticket Income 926 000 $
Level 2 -- Attendance: 4035 (80,70%) -- Ticket Income 504 375 $
Level 3 -- Attendance: 1916 (95,80%) -- Ticket Income 208 844 $
Level 4 -- Attendance: 3599 (89,98%) -- Ticket Income 248 331 $
Luxury Box -- Attendance: 1000 (100,00%) -- Ticket Income 300 000 $
Total Attendance: 15180 (84,33%)
Total Ticket Income: 2 187 550 $
Other Expense: 21 876 $
Total Income: 2 165 674 $

SAN FRANCISCO SPIDERS

5 vs 5 Forward 
   Center                   Left Wing                Right Wing               Time % Phy DF OF 
 1 Bo Horvat                Jared McCann             Zach Hyman               35     0   2  3  
 2 Sebastian Aho            Andrei Svechnikov        Viktor Arvidsson         35     0   2  3  
 3 Kirby Dach               Trevor Moore             Kyle Palmieri            25     0   2  3  
 4 Dakota Joshua            Trent Frederic           Eeli Tolvanen            5      0   4  1  

5 vs 5 Defense 
   Defense                  Defense                                           Time % Phy DF OF 
 1 Darnell Nurse            Jacob Middleton                                   35     0   3  2  
 2 Michael Anderson         Sean Durzi                                        35     0   3  2  
 3 Luke Hughes              Brenden Dillon                                    20     0   3  2  
 4 Darnell Nurse            Brenden Dillon                                    10     0   4  1  

PowerPlay Forward 
   Center                   Left Wing                Right Wing               Time % Phy DF OF 
 1 Sebastian Aho            Andrei Svechnikov        Jared McCann             55     0   1  4  
 2 Bo Horvat                Zach Hyman               Viktor Arvidsson         45     0   1  4  

PowerPlay Defense
   Defense                  Defense                                           Time % Phy DF OF 
 1 Darnell Nurse            Brenden Dillon                                    55     1   2  2  
 2 Michael Anderson         Sean Durzi                                        45     1   2  2  

Penalty Kill 4 Players Forward 
   Center                   Wing                     Time % Phy DF OF 
 1 Zach Hyman               Bo Horvat                55     1   2  2  
 2 Sebastian Aho            Viktor Arvidsson         45     1   2  2  

Penalty Kill 4 Players Defense
   Defense                  Defense                  Time % Phy DF OF 
 1 Darnell Nurse            Brenden Dillon           55     1   2  2  
 2 Jacob Middleton          Sean Durzi               45     1   2  2  

Penalty Kill - 3 Players Forward 
   Forward                                           Time % Phy DF OF 
 1 Zach Hyman                                        55     1   2  2  
 2 Bo Horvat                                         45     1   2  2  

Penalty Kill - 3 Players Defense
   Defense                  Defense                  Time % Phy DF OF 
 1 Darnell Nurse            Brenden Dillon           55     1   2  2  
 2 Jacob Middleton          Sean Durzi               45     1   2  2  

4 vs 4 Forward 
   Center                   Wing                     Time % Phy DF OF 
 1 Zach Hyman               Bo Horvat                55     1   2  2  
 2 Sebastian Aho            Viktor Arvidsson         45     1   2  2  

4 vs 4 Defense
   Defense                  Defense                  Time % Phy DF OF 
 1 Darnell Nurse            Brenden Dillon           55     1   2  2  
 2 Michael Anderson         Sean Durzi               45     1   2  2  

Last Minutes Offensive
   Center                   Left Wing                Right Wing               Defense                  Defense                  
   Zach Hyman               Sebastian Aho            Viktor Arvidsson         Darnell Nurse            Brenden Dillon           

Last Minutes Defensive
   Center                   Left Wing                Right Wing               Defense                  Defense                  
   Zach Hyman               Sebastian Aho            Viktor Arvidsson         Darnell Nurse            Brenden Dillon           

Goaltenders
Starting : Kevin Lankinen           
Backup : Igor Shesterkin          

Extra Forwards
Normal : Dakota Joshua, Jared McCann, Zach Hyman - PP : Dakota Joshua, Jared McCann - PK : Zach Hyman
Extra Defensemen
Normal : Michael Anderson, Jacob Middleton, Brenden Dillon - PP : Michael Anderson - PK : Jacob Middleton, Darnell Nurse
Penalty Shots
Zach Hyman, Bo Horvat, Sebastian Aho, Viktor Arvidsson, Andrei Svechnikov
Custom OT Lines Forwards
Zach Hyman, Bo Horvat, Sebastian Aho, Viktor Arvidsson, Andrei Svechnikov, Jared McCann, Dakota Joshua, Kyle Palmieri, Trevor Moore, Eeli Tolvanen
Custom OT Lines Defensemen
Darnell Nurse, Brenden Dillon, Jacob Middleton, Sean Durzi, Michael Anderson

Scratches
Erik Gudbranson (Left Forearm Injury)

OKANAGAN RATTLESNAKES

5 vs 5 Forward 
   Center                   Left Wing                Right Wing               Time % Phy DF OF 
 1 Anders Lee               Nazem Kadri              Lars Eller               36     1   2  2  
 2 Casey Cizikas            Mike Hoffman             T.J. Oshie               31     1   2  2  
 3 Blake Coleman            Oskar Sundqvist          Pierre-Edouard Bellemare 23     1   2  2  
 4 Stefan Noesen            Kevin Labanc             Jujhar Khaira            10     1   2  2  

5 vs 5 Defense 
   Defense                  Defense                                           Time % Phy DF OF 
 1 Colton Parayko           Josh Manson                                       36     1   2  2  
 2 Adam Clendening          Esa Lindell                                       31     1   2  2  
 3 Jeremy Lauzon            Austin Osmanski                                   23     1   2  2  
 4 Colton Parayko           Esa Lindell                                       10     1   2  2  

PowerPlay Forward 
   Center                   Left Wing                Right Wing               Time % Phy DF OF 
 1 Anders Lee               Nazem Kadri              T.J. Oshie               55     1   2  2  
 2 Lars Eller               Mike Hoffman             Casey Cizikas            45     1   2  2  

PowerPlay Defense
   Defense                  Defense                                           Time % Phy DF OF 
 1 Adam Clendening          Esa Lindell                                       55     1   2  2  
 2 Colton Parayko           Josh Manson                                       45     1   2  2  

Penalty Kill 4 Players Forward 
   Center                   Wing                     Time % Phy DF OF 
 1 Oskar Sundqvist          T.J. Oshie               55     1   2  2  
 2 Mike Hoffman             Nazem Kadri              45     1   2  2  

Penalty Kill 4 Players Defense
   Defense                  Defense                  Time % Phy DF OF 
 1 Colton Parayko           Josh Manson              55     1   2  2  
 2 Esa Lindell              Adam Clendening          45     1   2  2  

Penalty Kill - 3 Players Forward 
   Forward                                           Time % Phy DF OF 
 1 Nazem Kadri                                       55     1   2  2  
 2 Mike Hoffman                                      45     1   2  2  

Penalty Kill - 3 Players Defense
   Defense                  Defense                  Time % Phy DF OF 
 1 Adam Clendening          Esa Lindell              55     1   2  2  
 2 Josh Manson              Colton Parayko           45     1   2  2  

4 vs 4 Forward 
   Center                   Wing                     Time % Phy DF OF 
 1 Mike Hoffman             Nazem Kadri              55     1   2  2  
 2 T.J. Oshie               Blake Coleman            45     1   2  2  

4 vs 4 Defense
   Defense                  Defense                  Time % Phy DF OF 
 1 Esa Lindell              Adam Clendening          55     1   2  2  
 2 Colton Parayko           Jeremy Lauzon            45     1   2  2  

Last Minutes Offensive
   Center                   Left Wing                Right Wing               Defense                  Defense                  
   Anders Lee               Nazem Kadri              T.J. Oshie               Colton Parayko           Josh Manson              

Last Minutes Defensive
   Center                   Left Wing                Right Wing               Defense                  Defense                  
   Anders Lee               Nazem Kadri              T.J. Oshie               Colton Parayko           Josh Manson              

Goaltenders
Starting : James Reimer             
Backup : Jack Campbell            

Extra Forwards
Normal : T.J. Oshie, Oskar Sundqvist, Kevin Labanc - PP : Nazem Kadri, Pierre-Edouard Bellemare - PK : T.J. Oshie
Extra Defensemen
Normal : Esa Lindell, Austin Osmanski, Adam Clendening - PP : Adam Clendening - PK : Esa Lindell, Adam Clendening
Penalty Shots
T.J. Oshie, Oskar Sundqvist, Kevin Labanc, Pierre-Edouard Bellemare, Jujhar Khaira
Custom OT Lines Forwards
Oskar Sundqvist, T.J. Oshie, Kevin Labanc, Pierre-Edouard Bellemare, Jujhar Khaira, Mike Hoffman, Stefan Noesen, Lars Eller, Nazem Kadri, Casey Cizikas
Custom OT Lines Defensemen
Austin Osmanski, Adam Clendening, Colton Parayko, Esa Lindell, Josh Manson

Scratches
Colin White (Healthy)

% Time on Ice - SAN FRANCISCO SPIDERS

Lines # - Real PCT - Wanted PCT - Time Play
Normal Forward
1 - 32% - 35% - 14:02
2 - 34% - 35% - 14:53
3 - 23% - 25% - 10:10
4 - 11% - 5% - 4:53
Normal Defense
1 - 35% - 35% - 15:23
2 - 39% - 35% - 17:04
3 - 23% - 20% - 9:58
4 - 4% - 10% - 1:33
PP Forward
1 - 57% - 55% - 3:24
2 - 43% - 45% - 2:33
PP Defense
1 - 50% - 55% - 2:57
2 - 50% - 45% - 3:00
PK Forward
1 - 57% - 55% - 5:45
2 - 43% - 45% - 4:20
PK Defense
1 - 55% - 55% - 5:31
2 - 45% - 45% - 4:34
PK3 Forward
1 - 0% - 55%
2 - 0% - 45%
PK3 Defense
1 - 0% - 55%
2 - 0% - 45%
44 Forward
1 - 0% - 55%
2 - 0% - 45%
44 Defense
1 - 0% - 55%
2 - 0% - 45%
Last Minute Offensive  - 0:00
Last Minute Defensive  - 0:00
Total
Forward - 60:00
Defense - 60:00

% Time on Ice - OKANAGAN RATTLESNAKES

Lines # - Real PCT - Wanted PCT - Time Play
Normal Forward
1 - 33% - 36% - 14:18
2 - 30% - 31% - 13:02
3 - 24% - 23% - 10:22
4 - 14% - 10% - 6:16
Normal Defense
1 - 34% - 36% - 15:08
2 - 29% - 31% - 12:32
3 - 31% - 23% - 13:31
4 - 6% - 10% - 2:47
PP Forward
1 - 54% - 55% - 5:28
2 - 46% - 45% - 4:37
PP Defense
1 - 50% - 55% - 5:01
2 - 50% - 45% - 5:04
PK Forward
1 - 58% - 55% - 3:26
2 - 42% - 45% - 2:31
PK Defense
1 - 62% - 55% - 3:41
2 - 38% - 45% - 2:16
PK3 Forward
1 - 0% - 55%
2 - 0% - 45%
PK3 Defense
1 - 0% - 55%
2 - 0% - 45%
44 Forward
1 - 0% - 55%
2 - 0% - 45%
44 Defense
1 - 0% - 55%
2 - 0% - 45%
Last Minute Offensive  - 0:00
Last Minute Defensive  - 0:00
Total
Forward - 60:00
Defense - 60:00

Play-by-Play

1st period


0:01 of 1st period - Bo Horvat wins face-off versus Anders Lee in neutral zone.
0:03 of 1st period - Jared McCann is hit by Lars Eller and loses puck.
0:14 of 1st period - Shot by Nazem Kadri.
0:14 of 1st period - Shot Misses the Net.
0:55 of 1st period - Mike Hoffman is hit by Zach Hyman and loses puck.
1:08 of 1st period - Shot by Mike Hoffman.
1:08 of 1st period - Deflect By T.J. Oshie.
1:08 of 1st period - Shot Misses the Net.
1:58 of 1st period - Shot by Sebastian Aho.
1:58 of 1st period - Goal by Sebastian Aho - SAN FRANCISCO SPIDERS : 1 - OKANAGAN RATTLESNAKES : 0.
1:59 of 1st period - Kirby Dach wins face-off versus Blake Coleman in neutral zone.
2:10 of 1st period - Shot by Kirby Dach.
2:10 of 1st period - Shot Misses the Net.
2:13 of 1st period - Icing by Pierre-Edouard Bellemare.
2:14 of 1st period - Blake Coleman wins face-off versus Dakota Joshua in OKANAGAN RATTLESNAKES zone.
3:38 of 1st period - Jujhar Khaira is hit by Michael Anderson and loses puck.
4:05 of 1st period - Anders Lee is hit by Sebastian Aho and loses puck.
5:01 of 1st period - Shot by Jared McCann.
5:01 of 1st period - Shot Blocked by Esa Lindell.
5:03 of 1st period - Shot by Zach Hyman.
5:03 of 1st period - Shot Misses the Net.
5:05 of 1st period - Shot by Jared McCann.
5:05 of 1st period - Goal by Jared McCann - SAN FRANCISCO SPIDERS : 2 - OKANAGAN RATTLESNAKES : 0.
5:06 of 1st period - Dakota Joshua wins face-off versus T.J. Oshie in neutral zone.
5:22 of 1st period - Shot by Eeli Tolvanen.
5:22 of 1st period - Stopped by James Reimer with a rebound.
5:24 of 1st period - Shot by Eeli Tolvanen.
5:24 of 1st period - Shot Misses the Net.
5:26 of 1st period - Shot by Eeli Tolvanen.
5:26 of 1st period - Stopped by James Reimer without a rebound.
5:27 of 1st period - Blake Coleman wins face-off versus Bo Horvat in OKANAGAN RATTLESNAKES zone.
5:59 of 1st period - Shot by Oskar Sundqvist.
5:59 of 1st period - Shot Blocked by Michael Anderson.
6:30 of 1st period - Shot by T.J. Oshie.
6:30 of 1st period - Stopped by Kevin Lankinen without a rebound.
6:31 of 1st period - Sebastian Aho wins face-off versus Stefan Noesen in SAN FRANCISCO SPIDERS zone.
6:36 of 1st period - Shot by Sebastian Aho.
6:36 of 1st period - Stopped by James Reimer with a rebound.
7:08 of 1st period - Shot by Viktor Arvidsson.
7:08 of 1st period - Shot Misses the Net.
7:40 of 1st period - Shot by Anders Lee.
7:40 of 1st period - Shot Misses the Net.
7:42 of 1st period - Shot by Nazem Kadri.
7:42 of 1st period - Shot Blocked by Andrei Svechnikov.
7:48 of 1st period - Shot by Anders Lee.
7:48 of 1st period - Shot Misses the Net.
7:54 of 1st period - Shot by Nazem Kadri.
7:54 of 1st period - Deflect By Anders Lee.
7:54 of 1st period - Goal by Anders Lee - SAN FRANCISCO SPIDERS : 2 - OKANAGAN RATTLESNAKES : 1.
7:55 of 1st period - Casey Cizikas wins face-off versus Kirby Dach in neutral zone.
8:11 of 1st period - Shot by T.J. Oshie.
8:11 of 1st period - Shot Misses the Net.
8:13 of 1st period - Shot by T.J. Oshie.
8:13 of 1st period - Stopped by Kevin Lankinen without a rebound.
8:14 of 1st period - Bo Horvat wins face-off versus Blake Coleman in SAN FRANCISCO SPIDERS zone.
8:16 of 1st period - Icing by Zach Hyman.
8:17 of 1st period - Casey Cizikas wins face-off versus Bo Horvat in SAN FRANCISCO SPIDERS zone.
9:38 of 1st period - Minor Penalty to Trevor Moore for Cross-checking.
9:39 of 1st period - Anders Lee wins face-off versus Sebastian Aho in SAN FRANCISCO SPIDERS zone.
9:46 of 1st period - Shot by Anders Lee.
9:46 of 1st period - Shot Misses the Net.
9:48 of 1st period - Shot by Nazem Kadri.
9:48 of 1st period - Goal by Nazem Kadri - SAN FRANCISCO SPIDERS : 2 - OKANAGAN RATTLESNAKES : 2.
9:49 of 1st period - Sebastian Aho wins face-off versus Anders Lee in neutral zone.
10:01 of 1st period - Anders Lee is hit by Brenden Dillon and loses puck.
10:05 of 1st period - Minor Penalty to Brenden Dillon for Holding.
10:06 of 1st period - Anders Lee wins face-off versus Zach Hyman in SAN FRANCISCO SPIDERS zone.
11:57 of 1st period - Shot by Anders Lee.
11:57 of 1st period - Shot Misses the Net.
11:59 of 1st period - Shot by Esa Lindell.
11:59 of 1st period - Stopped by Kevin Lankinen with a rebound.
12:01 of 1st period - Shot by Esa Lindell.
12:01 of 1st period - Shot Misses the Net.
12:03 of 1st period - Shot by Esa Lindell.
12:03 of 1st period - Shot Misses the Net.
12:06 of 1st period - Minor Penalty to Brenden Dillon for Roughing.
12:07 of 1st period - Lars Eller wins face-off versus Zach Hyman in SAN FRANCISCO SPIDERS zone.
12:18 of 1st period - Shot by T.J. Oshie.
12:18 of 1st period - Shot Misses the Net.
13:08 of 1st period - Shot by Pierre-Edouard Bellemare.
13:08 of 1st period - Shot Misses the Net.
13:10 of 1st period - Shot by Esa Lindell.
13:10 of 1st period - Shot Misses the Net.
13:36 of 1st period - Shot by Casey Cizikas.
13:36 of 1st period - Stopped by Kevin Lankinen with a rebound.
13:38 of 1st period - Shot by Colton Parayko.
13:38 of 1st period - Stopped by Kevin Lankinen without a rebound.
13:39 of 1st period - Anders Lee wins face-off versus Sebastian Aho in SAN FRANCISCO SPIDERS zone.
13:50 of 1st period - Shot by Anders Lee.
13:50 of 1st period - Shot Misses the Net.
14:10 of 1st period - Shot by Anders Lee.
14:10 of 1st period - Shot Misses the Net.
14:11 of 1st period - Minor Penalty to Stefan Noesen for Tripping.
14:12 of 1st period - Jared McCann wins face-off versus Blake Coleman in OKANAGAN RATTLESNAKES zone.
14:36 of 1st period - Shot by Brenden Dillon.
14:36 of 1st period - Stopped by James Reimer without a rebound.
14:37 of 1st period - Bo Horvat wins face-off versus T.J. Oshie in OKANAGAN RATTLESNAKES zone.
14:47 of 1st period - Icing by Zach Hyman.
14:48 of 1st period - Oskar Sundqvist wins face-off versus Viktor Arvidsson in SAN FRANCISCO SPIDERS zone.
14:55 of 1st period - Shot by T.J. Oshie.
14:55 of 1st period - Stopped by Kevin Lankinen without a rebound.
14:56 of 1st period - Mike Hoffman wins face-off versus Sebastian Aho in SAN FRANCISCO SPIDERS zone.
15:01 of 1st period - Shot by Nazem Kadri.
15:01 of 1st period - Stopped by Kevin Lankinen without a rebound.
15:02 of 1st period - Sebastian Aho wins face-off versus Oskar Sundqvist in SAN FRANCISCO SPIDERS zone.
16:12 of 1st period - Shot by Kyle Palmieri.
16:12 of 1st period - Shot Misses the Net.
16:14 of 1st period - Shot by Kirby Dach.
16:14 of 1st period - Deflect By Kyle Palmieri.
16:14 of 1st period - Goal by Kyle Palmieri - SAN FRANCISCO SPIDERS : 3 - OKANAGAN RATTLESNAKES : 2.
16:15 of 1st period - Blake Coleman wins face-off versus Kyle Palmieri in neutral zone.
16:18 of 1st period - Jacob Middleton is hit by Blake Coleman and loses puck.
16:48 of 1st period - Minor Penalty to Jacob Middleton for Hooking.
16:49 of 1st period - Anders Lee wins face-off versus Zach Hyman in SAN FRANCISCO SPIDERS zone.
18:29 of 1st period - Shot by Colton Parayko.
18:29 of 1st period - Shot Misses the Net.
18:31 of 1st period - Shot by Colton Parayko.
18:31 of 1st period - Shot Misses the Net.
19:14 of 1st period - Shot by Trevor Moore.
19:14 of 1st period - Shot Misses the Net.
19:18 of 1st period - Shot by Kirby Dach.
19:18 of 1st period - Stopped by James Reimer with a rebound.
Goals for this period are 3 for SAN FRANCISCO SPIDERS vs 2 for OKANAGAN RATTLESNAKES.
Shots for this period are 8 for SAN FRANCISCO SPIDERS vs 9 for OKANAGAN RATTLESNAKES.

2nd period


0:01 of 2nd period - Anders Lee wins face-off versus Bo Horvat in neutral zone.
0:53 of 2nd period - Icing by Josh Manson.
0:54 of 2nd period - Sebastian Aho wins face-off versus Anders Lee in OKANAGAN RATTLESNAKES zone.
1:11 of 2nd period - Shot by Viktor Arvidsson.
1:11 of 2nd period - Shot Misses the Net.
1:16 of 2nd period - Anders Lee is hit by Jacob Middleton and loses puck.
1:50 of 2nd period - Shot by T.J. Oshie.
1:50 of 2nd period - Stopped by Kevin Lankinen without a rebound.
1:51 of 2nd period - Blake Coleman wins face-off versus Kirby Dach in SAN FRANCISCO SPIDERS zone.
1:56 of 2nd period - Shot by Oskar Sundqvist.
1:56 of 2nd period - Deflect By Blake Coleman.
1:56 of 2nd period - Stopped by Kevin Lankinen with a rebound.
2:26 of 2nd period - Shot by Blake Coleman.
2:26 of 2nd period - Stopped by Kevin Lankinen without a rebound.
2:27 of 2nd period - Casey Cizikas wins face-off versus Jared McCann in SAN FRANCISCO SPIDERS zone.
2:27 of 2nd period - Minor Penalty to Sean Durzi for Roughing.
2:28 of 2nd period - Zach Hyman wins face-off versus Anders Lee in SAN FRANCISCO SPIDERS zone.
2:49 of 2nd period - Shot by Anders Lee.
2:49 of 2nd period - Stopped by Kevin Lankinen without a rebound.
2:50 of 2nd period - Sebastian Aho wins face-off versus Lars Eller in SAN FRANCISCO SPIDERS zone.
4:13 of 2nd period - Shot by Esa Lindell.
4:13 of 2nd period - Shot Blocked by Brenden Dillon.
4:15 of 2nd period - Shot by Esa Lindell.
4:15 of 2nd period - Stopped by Kevin Lankinen without a rebound.
4:16 of 2nd period - Lars Eller wins face-off versus Zach Hyman in SAN FRANCISCO SPIDERS zone.
4:39 of 2nd period - Shot by Oskar Sundqvist.
4:39 of 2nd period - Shot Misses the Net.
4:41 of 2nd period - Shot by Blake Coleman.
4:41 of 2nd period - Deflect By Oskar Sundqvist.
4:41 of 2nd period - Stopped by Kevin Lankinen without a rebound.
4:42 of 2nd period - Bo Horvat wins face-off versus Stefan Noesen in SAN FRANCISCO SPIDERS zone.
5:09 of 2nd period - Icing by Bo Horvat.
5:10 of 2nd period - Anders Lee wins face-off versus Bo Horvat in SAN FRANCISCO SPIDERS zone.
5:39 of 2nd period - Josh Manson is hit by Zach Hyman and loses puck.
6:12 of 2nd period - Shot by Mike Hoffman.
6:12 of 2nd period - Stopped by Kevin Lankinen with a rebound.
6:15 of 2nd period - Icing by Brenden Dillon.
6:16 of 2nd period - Blake Coleman wins face-off versus Sebastian Aho in SAN FRANCISCO SPIDERS zone.
6:26 of 2nd period - Off-side.
6:27 of 2nd period - Casey Cizikas wins face-off versus Kirby Dach in neutral zone.
6:32 of 2nd period - Shot by Mike Hoffman.
6:32 of 2nd period - Shot Misses the Net.
6:47 of 2nd period - Kirby Dach is hit by Adam Clendening and loses puck.
6:51 of 2nd period - Icing by Casey Cizikas.
6:52 of 2nd period - T.J. Oshie wins face-off versus Sebastian Aho in OKANAGAN RATTLESNAKES zone.
7:11 of 2nd period - Shot by T.J. Oshie.
7:11 of 2nd period - Shot Misses the Net.
7:13 of 2nd period - Shot by T.J. Oshie.
7:13 of 2nd period - Shot Misses the Net.
7:18 of 2nd period - Icing by Sean Durzi.
7:19 of 2nd period - Anders Lee wins face-off versus Sebastian Aho in SAN FRANCISCO SPIDERS zone.
7:30 of 2nd period - Shot by Nazem Kadri.
7:30 of 2nd period - Stopped by Kevin Lankinen without a rebound.
7:31 of 2nd period - Bo Horvat wins face-off versus Blake Coleman in SAN FRANCISCO SPIDERS zone.
7:57 of 2nd period - Shot by Zach Hyman.
7:57 of 2nd period - Shot Misses the Net.
7:59 of 2nd period - Shot by Bo Horvat.
7:59 of 2nd period - Stopped by James Reimer with a rebound.
8:01 of 2nd period - Shot by Jared McCann.
8:01 of 2nd period - Shot Misses the Net.
8:55 of 2nd period - Shot by Viktor Arvidsson.
8:55 of 2nd period - Stopped by James Reimer without a rebound.
8:56 of 2nd period - Kirby Dach wins face-off versus Anders Lee in OKANAGAN RATTLESNAKES zone.
9:19 of 2nd period - Icing by Luke Hughes.
9:20 of 2nd period - Casey Cizikas wins face-off versus Kirby Dach in SAN FRANCISCO SPIDERS zone.
10:38 of 2nd period - Icing by Esa Lindell.
10:39 of 2nd period - Nazem Kadri wins face-off versus Bo Horvat in OKANAGAN RATTLESNAKES zone.
11:02 of 2nd period - Shot by Bo Horvat.
11:02 of 2nd period - Stopped by James Reimer without a rebound.
11:03 of 2nd period - Sebastian Aho wins face-off versus Stefan Noesen in OKANAGAN RATTLESNAKES zone.
11:16 of 2nd period - Shot by Kevin Labanc.
11:16 of 2nd period - Shot Misses the Net.
11:27 of 2nd period - Icing by Sean Durzi.
11:28 of 2nd period - Sebastian Aho wins face-off versus Casey Cizikas in SAN FRANCISCO SPIDERS zone.
11:33 of 2nd period - Shot by Sebastian Aho.
11:33 of 2nd period - Stopped by James Reimer without a rebound.
11:34 of 2nd period - Bo Horvat wins face-off versus Nazem Kadri in OKANAGAN RATTLESNAKES zone.
11:41 of 2nd period - Shot by Zach Hyman.
11:41 of 2nd period - Stopped by James Reimer without a rebound.
11:42 of 2nd period - Bo Horvat wins face-off versus Anders Lee in OKANAGAN RATTLESNAKES zone.
11:55 of 2nd period - Shot by Zach Hyman.
11:55 of 2nd period - Stopped by James Reimer without a rebound.
11:56 of 2nd period - Sebastian Aho wins face-off versus Casey Cizikas in OKANAGAN RATTLESNAKES zone.
12:09 of 2nd period - Shot by Sebastian Aho.
12:09 of 2nd period - Deflect By Andrei Svechnikov.
12:09 of 2nd period - Stopped by James Reimer without a rebound.
12:10 of 2nd period - Jared McCann wins face-off versus Anders Lee in OKANAGAN RATTLESNAKES zone.
12:14 of 2nd period - Zach Hyman is hit by Josh Manson and loses puck.
12:27 of 2nd period - Shot by Bo Horvat.
12:27 of 2nd period - Stopped by James Reimer without a rebound.
12:27 of 2nd period - Minor Penalty to Josh Manson for Hooking.
12:28 of 2nd period - Sebastian Aho wins face-off versus Oskar Sundqvist in OKANAGAN RATTLESNAKES zone.
12:42 of 2nd period - Shot by Sebastian Aho.
12:42 of 2nd period - Shot Misses the Net.
12:44 of 2nd period - Shot by Michael Anderson.
12:44 of 2nd period - Stopped by James Reimer without a rebound.
12:45 of 2nd period - Bo Horvat wins face-off versus Oskar Sundqvist in OKANAGAN RATTLESNAKES zone.
14:13 of 2nd period - Icing by Sebastian Aho.
14:14 of 2nd period - Sebastian Aho wins face-off versus Mike Hoffman in SAN FRANCISCO SPIDERS zone.
14:30 of 2nd period - Shot by Nazem Kadri.
14:30 of 2nd period - Shot Misses the Net.
14:41 of 2nd period - Jujhar Khaira is hit by Kyle Palmieri and loses puck.
15:03 of 2nd period - Icing by Jeremy Lauzon.
15:04 of 2nd period - Dakota Joshua wins face-off versus Stefan Noesen in OKANAGAN RATTLESNAKES zone.
15:55 of 2nd period - Shot by Viktor Arvidsson.
15:55 of 2nd period - Stopped by James Reimer with a rebound.
15:57 of 2nd period - Shot by Sebastian Aho.
15:57 of 2nd period - Stopped by James Reimer without a rebound.
15:58 of 2nd period - Bo Horvat wins face-off versus Casey Cizikas in OKANAGAN RATTLESNAKES zone.
16:13 of 2nd period - Shot by Zach Hyman.
16:13 of 2nd period - Shot Misses the Net.
16:15 of 2nd period - Shot by Bo Horvat.
16:15 of 2nd period - Shot Misses the Net.
17:09 of 2nd period - Shot by Andrei Svechnikov.
17:09 of 2nd period - Shot Misses the Net.
17:11 of 2nd period - Shot by Michael Anderson.
17:11 of 2nd period - Stopped by James Reimer without a rebound.
17:12 of 2nd period - Anders Lee wins face-off versus Kirby Dach in OKANAGAN RATTLESNAKES zone.
17:30 of 2nd period - Shot by Nazem Kadri.
17:30 of 2nd period - Stopped by Kevin Lankinen without a rebound.
17:31 of 2nd period - Sebastian Aho wins face-off versus Oskar Sundqvist in SAN FRANCISCO SPIDERS zone.
18:06 of 2nd period - Icing by Jeremy Lauzon.
18:07 of 2nd period - Bo Horvat wins face-off versus Blake Coleman in OKANAGAN RATTLESNAKES zone.
18:14 of 2nd period - Shot by Jared McCann.
18:14 of 2nd period - Stopped by James Reimer without a rebound.
18:15 of 2nd period - Bo Horvat wins face-off versus Anders Lee in OKANAGAN RATTLESNAKES zone.
18:46 of 2nd period - Shot by Nazem Kadri.
18:46 of 2nd period - Shot Misses the Net.
18:48 of 2nd period - Shot by Esa Lindell.
18:48 of 2nd period - Shot Misses the Net.
18:50 of 2nd period - Shot by Lars Eller.
18:50 of 2nd period - Stopped by Kevin Lankinen with a rebound.
18:52 of 2nd period - Shot by Anders Lee.
18:52 of 2nd period - Stopped by Kevin Lankinen without a rebound.
18:53 of 2nd period - Casey Cizikas wins face-off versus Sebastian Aho in SAN FRANCISCO SPIDERS zone.
19:34 of 2nd period - Shot by Sebastian Aho.
19:34 of 2nd period - Deflect By Viktor Arvidsson.
19:34 of 2nd period - Shot Misses the Net.
Goals for this period are 0 for SAN FRANCISCO SPIDERS vs 0 for OKANAGAN RATTLESNAKES.
Shots for this period are 13 for SAN FRANCISCO SPIDERS vs 11 for OKANAGAN RATTLESNAKES.

3rd period


0:01 of 3rd period - Anders Lee wins face-off versus Bo Horvat in neutral zone.
0:16 of 3rd period - Shot by Anders Lee.
0:16 of 3rd period - Stopped by Kevin Lankinen without a rebound.
0:17 of 3rd period - Sebastian Aho wins face-off versus Casey Cizikas in SAN FRANCISCO SPIDERS zone.
0:37 of 3rd period - Shot by Mike Hoffman.
0:37 of 3rd period - Shot Misses the Net.
0:39 of 3rd period - Shot by Colton Parayko.
0:39 of 3rd period - Stopped by Kevin Lankinen without a rebound.
0:40 of 3rd period - Anders Lee wins face-off versus Bo Horvat in SAN FRANCISCO SPIDERS zone.
1:06 of 3rd period - Esa Lindell is hit by Zach Hyman and loses puck.
1:10 of 3rd period - Icing by Anders Lee.
1:11 of 3rd period - Andrei Svechnikov wins face-off versus Anders Lee in OKANAGAN RATTLESNAKES zone.
1:28 of 3rd period - Shot by Sebastian Aho.
1:28 of 3rd period - Shot Blocked by Anders Lee.
1:46 of 3rd period - Sebastian Aho is hit by T.J. Oshie and loses puck.
2:03 of 3rd period - Shot by T.J. Oshie.
2:03 of 3rd period - Shot Misses the Net.
2:07 of 3rd period - Shot by T.J. Oshie.
2:07 of 3rd period - Stopped by Kevin Lankinen with a rebound.
2:11 of 3rd period - Shot by Casey Cizikas.
2:11 of 3rd period - Stopped by Kevin Lankinen without a rebound.
2:12 of 3rd period - Bo Horvat wins face-off versus Blake Coleman in SAN FRANCISCO SPIDERS zone.
2:16 of 3rd period - Off-side.
2:17 of 3rd period - Blake Coleman wins face-off versus Bo Horvat in neutral zone.
2:25 of 3rd period - Icing by Bo Horvat.
2:26 of 3rd period - Bo Horvat wins face-off versus Casey Cizikas in SAN FRANCISCO SPIDERS zone.
5:07 of 3rd period - Icing by Nazem Kadri.
5:08 of 3rd period - Anders Lee wins face-off versus Bo Horvat in OKANAGAN RATTLESNAKES zone.
5:10 of 3rd period - Icing by Nazem Kadri.
5:11 of 3rd period - Bo Horvat wins face-off versus Anders Lee in OKANAGAN RATTLESNAKES zone.
5:42 of 3rd period - Shot by Anders Lee.
5:42 of 3rd period - Stopped by Kevin Lankinen without a rebound.
5:43 of 3rd period - Sebastian Aho wins face-off versus Blake Coleman in SAN FRANCISCO SPIDERS zone.
6:54 of 3rd period - Shot by Zach Hyman.
6:54 of 3rd period - Shot Blocked by Jeremy Lauzon.
7:18 of 3rd period - Shot by Zach Hyman.
7:18 of 3rd period - Stopped by James Reimer with a rebound.
8:05 of 3rd period - Shot by Trevor Moore.
8:05 of 3rd period - Shot Misses the Net.
8:27 of 3rd period - Shot by Anders Lee.
8:27 of 3rd period - Stopped by Kevin Lankinen with a rebound.
8:35 of 3rd period - Shot by Viktor Arvidsson.
8:35 of 3rd period - Shot Misses the Net.
8:37 of 3rd period - Shot by Brenden Dillon.
8:37 of 3rd period - Shot Misses the Net.
8:39 of 3rd period - Shot by Brenden Dillon.
8:39 of 3rd period - Shot Hit the Post.
9:21 of 3rd period - Trent Frederic is hit by Josh Manson and loses puck.
9:37 of 3rd period - Eeli Tolvanen is hit by Josh Manson and loses puck.
9:46 of 3rd period - Colton Parayko is hit by Dakota Joshua and loses puck.
9:56 of 3rd period - Minor Penalty to Jujhar Khaira for Holding.
9:57 of 3rd period - Bo Horvat wins face-off versus Mike Hoffman in OKANAGAN RATTLESNAKES zone.
10:06 of 3rd period - Shot by Bo Horvat.
10:06 of 3rd period - Shot Misses the Net.
10:08 of 3rd period - Shot by Brenden Dillon.
10:08 of 3rd period - Stopped by James Reimer without a rebound.
10:09 of 3rd period - Sebastian Aho wins face-off versus Blake Coleman in OKANAGAN RATTLESNAKES zone.
10:12 of 3rd period - Shot by Andrei Svechnikov.
10:12 of 3rd period - Stopped by James Reimer without a rebound.
10:13 of 3rd period - Sebastian Aho wins face-off versus Oskar Sundqvist in OKANAGAN RATTLESNAKES zone.
10:20 of 3rd period - Shot by Andrei Svechnikov.
10:20 of 3rd period - Deflect By Jared McCann.
10:20 of 3rd period - Stopped by James Reimer without a rebound.
10:21 of 3rd period - Oskar Sundqvist wins face-off versus Sebastian Aho in OKANAGAN RATTLESNAKES zone.
10:21 of 3rd period - Oskar Sundqvist is hit by Andrei Svechnikov.
10:47 of 3rd period - Shot by Andrei Svechnikov.
10:47 of 3rd period - Stopped by James Reimer with a rebound.
10:49 of 3rd period - Shot by Sebastian Aho.
10:49 of 3rd period - Stopped by James Reimer without a rebound.
10:50 of 3rd period - Oskar Sundqvist wins face-off versus Zach Hyman in OKANAGAN RATTLESNAKES zone.
11:59 of 3rd period - Shot by Kirby Dach.
11:59 of 3rd period - Deflect By Kyle Palmieri.
11:59 of 3rd period - Shot Misses the Net.
12:01 of 3rd period - Shot by Sean Durzi.
12:01 of 3rd period - Goal by Sean Durzi - SAN FRANCISCO SPIDERS : 4 - OKANAGAN RATTLESNAKES : 2.
12:02 of 3rd period - Stefan Noesen wins face-off versus Kirby Dach in neutral zone.
12:29 of 3rd period - Shot by Trevor Moore.
12:29 of 3rd period - Stopped by James Reimer without a rebound.
12:30 of 3rd period - Anders Lee wins face-off versus Dakota Joshua in OKANAGAN RATTLESNAKES zone.
12:43 of 3rd period - Shot by Dakota Joshua.
12:43 of 3rd period - Stopped by James Reimer with a rebound.
12:50 of 3rd period - Icing by Esa Lindell.
12:51 of 3rd period - Bo Horvat wins face-off versus Anders Lee in OKANAGAN RATTLESNAKES zone.
12:52 of 3rd period - Shot by Zach Hyman.
12:52 of 3rd period - Shot Blocked by Nazem Kadri.
13:00 of 3rd period - Icing by Brenden Dillon.
13:01 of 3rd period - Bo Horvat wins face-off versus Casey Cizikas in SAN FRANCISCO SPIDERS zone.
13:32 of 3rd period - Shot by Mike Hoffman.
13:32 of 3rd period - Shot Blocked by Brenden Dillon.
13:34 of 3rd period - Shot by Casey Cizikas.
13:34 of 3rd period - Shot Hit the Post.
13:36 of 3rd period - Shot by Casey Cizikas.
13:36 of 3rd period - Stopped by Kevin Lankinen without a rebound.
13:37 of 3rd period - Sebastian Aho wins face-off versus Anders Lee in SAN FRANCISCO SPIDERS zone.
14:32 of 3rd period - Shot by Blake Coleman.
14:32 of 3rd period - Shot Misses the Net.
14:58 of 3rd period - Minor Penalty to Sean Durzi for High sticking.
14:59 of 3rd period - Lars Eller wins face-off versus Zach Hyman in SAN FRANCISCO SPIDERS zone.
14:59 of 3rd period - Lars Eller is hit by Michael Anderson.
15:45 of 3rd period - Shot by Bo Horvat.
15:45 of 3rd period - Stopped by James Reimer without a rebound.
15:46 of 3rd period - T.J. Oshie wins face-off versus Zach Hyman in OKANAGAN RATTLESNAKES zone.
15:57 of 3rd period - Shot by Nazem Kadri.
15:57 of 3rd period - Shot Misses the Net.
17:10 of 3rd period - Shot by Trevor Moore.
17:10 of 3rd period - Shot Misses the Net.
17:13 of 3rd period - Icing by Jeremy Lauzon.
17:14 of 3rd period - Blake Coleman wins face-off versus Dakota Joshua in OKANAGAN RATTLESNAKES zone.
17:33 of 3rd period - Jeremy Lauzon is hit by Dakota Joshua and loses puck.
17:40 of 3rd period - Sean Durzi is hit by Oskar Sundqvist and loses puck.
17:46 of 3rd period - Icing by Sean Durzi.
17:47 of 3rd period - Casey Cizikas wins face-off versus Dakota Joshua in SAN FRANCISCO SPIDERS zone.
17:57 of 3rd period - Icing by Brenden Dillon.
17:58 of 3rd period - Jujhar Khaira wins face-off versus Dakota Joshua in SAN FRANCISCO SPIDERS zone.
19:18 of 3rd period - Nazem Kadri is hit by Andrei Svechnikov and loses puck.
19:37 of 3rd period - Shot by Viktor Arvidsson.
19:37 of 3rd period - Stopped by James Reimer without a rebound.
19:38 of 3rd period - Casey Cizikas wins face-off versus Bo Horvat in OKANAGAN RATTLESNAKES zone.
Goals for this period are 1 for SAN FRANCISCO SPIDERS vs 0 for OKANAGAN RATTLESNAKES.
Shots for this period are 11 for SAN FRANCISCO SPIDERS vs 7 for OKANAGAN RATTLESNAKES.


BRAD
MARCHAND
ANZE
KOPITAR
JAMIE
BENN

EAST COAST

HOCKEY LEAGUE

  • 69.QUE5CHW3
  • 70.CHA3TRV4
  • 71.PITRHI
  • 72.ATLWOR